 Dungeon Crawl Stone Soup version 0.31-a0-233-g139696dc86 (webtiles) character file.

Game seed: 7654801528737913573

93 qw the Shooter (level 4, -3/26 HPs)
             Began as a Gargoyle Hexslinger on July 8, 2023.
             Slain by a hobgoblin (6 damage)
             ... led by Robin
             ... on level 3 of the Dungeon.
             The game lasted 00:00:40 (1780 turns).

qw the Shooter (Gargoyle Hexslinger)                Turns: 1780, Time: 00:00:41

Health: -3/26      AC:  6    Str: 12    XL:     4   Next: 61%
Magic:  5/5        EV: 12    Int: 13    God:
Gold:   127        SH:  0    Dex: 14    Spells: 4/5 levels left

rFire   . . .        Y - +2 sling
rCold   . . .        (no shield)
rNeg    + . .        c - +0 robe
rPois   inf          (no helmet)
rElec   +            (no cloak)
rCorr   +            d - +0 pair of gloves
SInv    .            (no boots)
Will    .....        (no amulet)
Stlth   +            e - ring of resist corrosion
HPRegen 0.24/turn    (no ring)
MPRegen 0.09/turn

%: no passive effects
@: no status effects
A: sickness immunity, AC +3, negative energy resistance 1, electricity
resistance, torment resistance 1, petrification resistance
a: no special abilities


You were on level 3 of the Dungeon.
You visited 1 branch of the dungeon, and saw 3 of its levels.

You collected 127 gold pieces.


Innate Abilities, Weirdness & Mutations

You are immune to sickness and miasma.
Your stone body is resilient. (AC +3)
You are immune to poison.
You resist negative energy. (rN+)
You are resistant to electric shocks. (rElec)
You are resistant to unholy torment.
You are immune to petrification.


   Skills:
 - Level 2.0 Fighting
 + Level 4.4 Ranged Weapons
 - Level 1.5 Dodging
 - Level 1.0 Spellcasting
 - Level 2.6 Hexes


You had 4 spell levels left.
You knew the following spells:

 Your Spells              Type           Power      Damage    Failure   Level
a - Slow                  Hex            28%        N/A       10%         1

Your spell library contained the following spells:

 Spells                   Type           Power      Damage    Failure   Level
 Inner Flame              Hex/Fire       4%         N/A       43%         3
 Portal Projectile        Hex/Tloc       8%         N/A       43%         3
 Cause Fear               Hex            3%         N/A       67%         4

Inventory:

Hand Weapons
 Y - a +2 sling (weapon)
Armour
 c - a +0 robe (worn)
 d - a +0 pair of gloves (worn)
 k - the +5 robe of Misfortune {Harm *Corrode *Slow EV+5}
   (You found it on level 3 of the Dungeon)

   EV:        It affects your evasion (+5).
   *Corrode:  It may corrode you when you take damage.
   *Slow:     It may slow you when you take damage.
   Harm:      It increases damage dealt and taken.
Jewellery
 e - a ring of resist corrosion (left hand)
Scrolls
 f - a scroll of butterflies {unknown}
 i - 2 scrolls of enchant armour {unknown}
Potions
 a - a potion of invisibility {unknown}
 b - a potion of curing {unknown}
 g - a potion of attraction {unknown}
 h - a potion of haste {unknown}
 j - 2 potions of enlightenment {unknown}

Dungeon Overview and Level Annotations

Branches:
Dungeon (3/15)

Altars:

Annotations:
D:3 Robin


Message History

The goblin closely misses you. The goblin hits you but does no damage.
Robin hits you but does no damage.
You shoot a sling bullet. The sling bullet barely misses Robin.
The goblin hits you but does no damage. x2; Robin throws the goblin at you!
You shoot a sling bullet. The sling bullet hits Robin.
Robin is moderately wounded.
The goblin misses you. The goblin barely misses you.
Robin roars a battlecry!
The goblins go into a battle-frenzy!
You shoot a sling bullet. The sling bullet hits Robin.
Robin is heavily wounded.
The hobgoblin hits you. The goblin hits you with a +0 club.
The goblin completely misses you.
A goblin comes into view. It is wielding a +0 dagger.
Robin throws the goblin at you! The goblin hits you but does no damage.
A dart slug comes into view.
You shoot a sling bullet. The sling bullet closely misses Robin.
The goblin shouts!
The hobgoblin hits you. The goblin hits you with a +0 club.
Robin roars a battlecry!
The goblin barely misses you. The goblin hits you with a +0 dagger.
The goblin hits you with a +0 dagger of venom.
The hobgoblin hits you but does no damage.
The goblin hits you but does no damage. Robin hits you but does no damage.
A goblin comes into view. It is wielding a +0 club.
The goblin barely misses you.
You shoot a sling bullet. The sling bullet hits Robin.
Robin is almost dead.
The hobgoblin misses you. The goblin closely misses you.
The goblin hits you with a +0 club. The goblin hits you but does no damage.
Robin hits you but does no damage.
You shoot a sling bullet. The sling bullet closely misses Robin.
The goblin hits you but does no damage. The hobgoblin barely misses you.
The goblin closely misses you. The goblin hits you but does no damage.
Robin hits you with a +0 short sword.
You shoot a sling bullet.
The sling bullet hits Robin but does no damage.
Robin is almost dead.
The goblin misses you. The hobgoblin hits you.
You die...

.# #.......# .#
#.......### .#
#.......#.. .#
#.......#.# .#
##........# .#
#........#
.#########......g.####..
..../..........ggggwg...
.#########.....g@######
........##......gg....#
.######.##.......####.#
.# #............#
#####.......######
............#
#####.......#
#<..#.......#
#.#.#########


You could see Robin, a dart slug, 3 hobgoblins and 5 goblins.

Vanquished Creatures
  4 adders
  2 worms (D:2)
  4 dart slugs
  4 ball pythons
  3 endoplasms
  4 giant cockroaches
  7 goblins
  A quokka (D:1)
  5 bats
  4 frilled lizards
  7 rats
45 creatures vanquished.

Notes
Turn   | Place    | Note
-------+----------+-------------------------------------------
     0 | D:1      | qw the Gargoyle Hexslinger began the quest for the Orb.
     0 | D:1      | Reached XP level 1. HP: 12/12 MP: 2/2
     0 | D:1      | 0 ||| qw: Version: 0.3-a-46-gb1f654a
     0 | D:1      | 0 ||| qw: Game counter: 3734
     0 | D:1      | 0 ||| qw: Melee chars always use a shield: true
     0 | D:1      | 0 ||| qw: God list: Okawaru
     0 | D:1      | 0 ||| qw: Allow faded altars: false
     0 | D:1      | 0 ||| qw: Do Orc after clearing Dungeon:15 true
     0 | D:1      | 0 ||| qw: Do second Lair branch before Depths: true
     0 | D:1      | 0 ||| qw: Lair rune preference: random
     0 | D:1      | 0 ||| qw: Goals: Normal
     0 | D:1      | 0 ||| PLANNING D:1-11
   159 | D:1      | Reached XP level 2. HP: 15/16 MP: 3/3
   317 | D:1      | 317 ||| Stepping ~*~*~tactically~*~*~ (water).
   319 | D:1      | Reached skill level 3 in Ranged Weapons
   688 | D:1      | 688 ||| UPGRADING to ring of resist corrosion.
   689 | D:1      | 689 ||| READING scroll labelled FUX KA ZOYN.
   690 | D:1      | 690 ||| READING scroll labelled GIN ARGHELL.
   691 | D:1      | 691 ||| DROPPING scroll of poison.
   736 | D:2      | Reached XP level 3. HP: 21/21 MP: 4/4
  1135 | D:2      | Reached XP level 4. HP: 14/26 MP: 5/5
  1444 | D:2      | 1444 ||| UPGRADING to +0 pair of gloves.
  1449 | D:2      | 1449 ||| READING scroll labelled CABI SIUTOPP.
  1468 | D:2      | 1468 ||| READING 2 scrolls labelled ZEP DAF VAS.
  1469 | D:2      | 1469 ||| DRINKING 3 bubbling orange potions.
  1501 | D:2      | 1501 ||| DROPPING 2 potions of lignification.
  1502 | D:2      | 1502 ||| DROPPING scroll of immolation.
  1540 | D:3      | Reached skill level 4 in Ranged Weapons
  1684 | D:3      | Found the +5 robe of Misfortune {Harm *Corrode *Slow EV+5}
  1767 | D:3      | Noticed Robin
  1778 | D:3      | HP: 4/26 [goblin/+0 club[Robin] (5)]
  1780 | D:3      | Slain by a hobgoblin

Levels and vault maps discovered:
D:1:      dpeg_arrival_renting, layout_loops_ring, serial_bayou_lake_a
D:2:      layout_basic
D:3:      layout_basic, serial_shops, shop, uniq_robin

Skill      XL: |  1  2  3  4 |
---------------+-------------+-----
Ranged Weapons | 3 4 |  4.4
Fighting       | 2 |  2.0
Dodging        | |  1.5
Spellcasting   | |  1.0
Hexes          | |  2.6

Action                     |  1- 3 |  4- 6 || total
---------------------------+-------+-------++-------
   Fire: Sling             |   111 |    52 ||   163
    Use: Scroll            |     2 |     2 ||     4
         Potion            |       |     1 ||     1
 Armour: Robe              |    22 |    18 ||    40
  Dodge: Dodged            |    74 |    21 ||    95

Table legend:
 A = Non-vault XP
 B = Vault XP
 C = Vault XP percentage of total XP
 D = Non-vault monster count
 E = Vault monster count
 F = Vault count percentage of total count
                 A         B        C        D         E       F
            +---------+---------+-------+---------+---------+-------
      Total |     129 |       4 |   3.0 |      43 |       2 |   4.4
            +---------+---------+-------+---------+---------+-------
        D:1 |      28 |       0 |   0.0 |      16 |       0 |   0.0
        D:2 |      62 |       0 |   0.0 |      19 |       0 |   0.0
        D:3 |      39 |       4 |   9.3 |       8 |       2 |  20.0
            +---------+---------+-------+---------+---------+-------
